 Dungeon Crawl Stone Soup version 0.24-a0-512-g2b48af375b (webtiles) character file.

Game seed: 2768340911312693924

389 Gynju the Skirmisher (level 6, -2/56 HPs)
             Began as a Hill Orc Fighter on July 20, 2019.
             Killed from afar by Dowan (15 damage)
             ... with a stone arrow
             ... on level 4 of the Dungeon.
             The game lasted 00:06:29 (3360 turns).

Gynju the Skirmisher (Hill Orc Fighter)             Turns: 3360, Time: 00:06:29

Health: -2/56      AC: 19    Str: 21    XL:     6   Next: 79%
Magic:  6/6        EV:  4    Int:  8    God:
Gold:   171        SH: 10    Dex: 10    Spells: 5/5 levels left

rFire    + . .     SeeInvis .   j - +1 flail (protect)
rCold    . . .     Gourm    .   c - +0 shield
rNeg     . . .     Faith    .   l - +0 plate armour {rF+}
rPois    .         Spirit   .   y - +0 helmet
rElec    .         Reflect  .   (no cloak)
rCorr    .         Harm     .   (no gloves)
MR       .....                  n - +0 pair of boots
Stlth    ..........             (no amulet)
HPRegen  0.18/turn              o - +4 ring of protection
MPRegen  0.10/turn              v - +1 ring of protection

@: no status effects
A: no striking features
a: no special abilities


You were on level 4 of the Dungeon.
You were not hungry.

You visited 1 branch of the dungeon, and saw 4 of its levels.

You collected 171 gold pieces.

Inventory:

Hand Weapons
 j - a +1 flail of protection (weapon)
Missiles
 b - 22 poisoned darts (quivered)
Armour
 c - a +0 shield (worn)
 l - a +0 plate armour of fire resistance (worn)
 n - a +0 pair of boots (worn)
 y - a +0 helmet (worn)
Jewellery
 o - a +4 ring of protection (left hand)
 v - a +1 ring of protection (right hand)
Wands
 k - a wand of acid (6)
 x - a wand of paralysis (7)
Scrolls
 e - a scroll of magic mapping
 g - 3 scrolls of remove curse
 p - 6 scrolls of teleportation
 q - a scroll of identify
 u - a scroll of blinking
Potions
 a - a potion of mutation {unknown}
 d - a potion of ambrosia
 h - a potion of magic
 i - a potion of flight
 m - a potion of cancellation {unknown}
 r - 2 potions of curing {unknown}
 s - a potion of experience {unknown}
 t - a potion of haste {unknown}
 w - a potion of heal wounds {unknown}
 A - a potion of lignification {unknown}
Comestibles
 f - 10 rations


   Skills:
 + Level 5.6 Fighting
   Level 2.0 Short Blades
 + Level 2.3 Maces & Flails
 + Level 5.1 Armour
 + Level 5.2 Shields


You had 5 spell levels left.
You didn't know any spells.
Your spell library was empty.

Dungeon Overview and Level Annotations

Branches:
Dungeon (4/15)
 Temple: D:4-7

Altars:

Annotations:
D:4 Dowan


Message History

Dowan blinks!
The gnoll hits you but does no damage. The gnoll hits you but does no damage.
Dowan breathes, "And she was my only..."
Items here: ! ) [ รท a +0 scale mail; a +4 rapier of speed; a bubbling dark potion the elf skeleton of Duvessa You block Dowan's attack.
There is a stone staircase leading up, spattered with blood here.
You see here a throwing net.
Your shield and plate armour prevent you from hitting Dowan.
Dowan is severely wounded.
Dowan hits you but does no damage. The gnoll hits you but does no damage.
You block Dowan's attack. The gnoll hits you but does no damage.
You miss Dowan.
Dowan is severely wounded.
You block Dowan's attack. Dowan casts a spell at you. The stone arrow hits you!
You die...

......# #...########.........#
.....(###..## ###.......##
......##...## #>.......#
......##....## ###........##
.............#### ##...........##
.......###......###.............#
.......# ###...............>....#
......# ###...................
......# #.e@................
......# ##...[...............
.....## #.....g............e.
......# ##...###..............
......## ##..### ##.............
..##...####..## #.........#...
#####.......## #........###### #
##......# #.........# #. #.....##
....##....# #..


You could see Dowan and a gnoll.

Vanquished Creatures
  Duvessa (D:4)
  An ogre (D:4)
  An orc priest (D:3)
  Terence (D:2)
  An orc wizard (D:3)
  2 gnolls (D:3)
  2 adders
  2 oozes
  A dart slug (D:1)
  9 orcs (D:3)
  2 ball pythons
  5 giant cockroaches
  6 goblins
  6 hobgoblins
  3 jackals (D:3)
  2 quokkas
  12 bats
  4 frilled lizards
  A jackal skeleton (D:4)
  7 kobolds
  4 rats
73 creatures vanquished.

Notes
Turn   | Place    | Note
-------+----------+-------------------------------------------
     0 | D:1      | Gynju the Hill Orc Fighter began the quest for the Orb.
     0 | D:1      | Reached XP level 1. HP: 19/19 MP: 1/1
   123 | D:1      | Reached XP level 2. HP: 23/27 MP: 2/2
   719 | D:1      | Reached XP level 3. HP: 33/33 MP: 3/3
  1223 | D:2      | Noticed Terence
  1233 | D:2      | Killed Terence
  1233 | D:2      | Reached XP level 4. HP: 41/41 MP: 4/4
  1665 | D:3      | Reached XP level 5. HP: 47/47 MP: 5/5
  1878 | D:3      | Reached skill level 5 in Fighting
  1879 | D:3      | Reached skill level 1 in Maces & Flails
  2695 | D:4      | Noticed an ogre
  2730 | D:4      | Killed an ogre
  2730 | D:4      | Reached XP level 6. HP: 21/56 MP: 6/6
  3031 | D:4      | Noticed Duvessa
  3032 | D:4      | Noticed Dowan
  3108 | D:4      | Killed Duvessa
  3108 | D:4      | Reached skill level 5 in Armour
  3108 | D:4      | Reached skill level 5 in Shields
  3360 | D:4      | Killed from afar by Dowan

Levels and vault maps discovered:
D:1:      minmay_arrival_pointy, layout_basic, serial_bayou_pond_a,
          hangedman_decor_push
D:2:      layout_basic, uniq_terence
D:3:      layout_loops_ring
D:4:      layout_layer_cave, first_ration, uniq_duvessa

Skill      XL: |  1  2  3  4  5  6 |
---------------+-------------------+-----
Fighting       | 4 5 |  5.6
Armour         | 4 5 |  5.1
Shields        | 4 5 |  5.2
Maces & Flails | 1 2 |  2.3
Short Blades   | |  2.0

Action                   |  1- 3 |  4- 6 || total
-------------------------+-------+-------++-------
Melee: Rapier            |   108 |    48 ||   156
       Flail             |       |   144 ||   144
  Use: Potion            |     1 |       ||     1
       Scroll            |       |     9 ||     9
  Eat: Chunk             |     1 |     7 ||     8
Armor: Scale mail        |    56 |    71 ||   127
       Plate armour      |       |   150 ||   150
Dodge: Dodged            |    47 |    78 ||   125
Block: Shield            |    69 |   181 ||   250

Table legend:
 A = Non-vault XP
 B = Vault XP
 C = Vault XP percentage of total XP
 D = Non-vault monster count
 E = Vault monster count
 F = Vault count percentage of total count
                 A         B        C        D         E       F
            +---------+---------+-------+---------+---------+-------
      Total |     377 |     180 |  32.3 |      71 |       2 |   2.7
            +---------+---------+-------+---------+---------+-------
        D:1 |      44 |       0 |   0.0 |      22 |       0 |   0.0
        D:2 |      36 |      38 |  51.4 |      13 |       1 |   7.1
        D:3 |     178 |       0 |   0.0 |      34 |       0 |   0.0
        D:4 |     119 |     142 |  54.4 |       2 |       1 |  33.3
            +---------+---------+-------+---------+---------+-------
